[ PARTIDA AOE2 · #458762491 ]
Team RMPersas vs Dravidians
[ ANÁLISIS DE REPETICIÓN · EXTRAÍDO DE LA PARTIDA GRABADA ]
Feudal
11:37
Castillos
—
Imperial
—
| APM promedio | 36.3 |
| APM pico | 58 |
| eAPM promedio | 14.3 |
| Aldeanos / militares | 39 / 24 |
Foco
⚔️ 30.4% · 🌾 69.6%
Archer ×18 · Skirmisher ×6 · Fishing Ship ×5
Feudal
13:21
Castillos
18:09
Imperial
—
| APM promedio | 24.0 |
| APM pico | 52 |
| eAPM promedio | 10.0 |
| Aldeanos / militares | 33 / 9 |
Foco
⚔️ 26.3% · 🌾 73.7%
Steppe Lancer ×9 · Fishing Ship ×5
Feudal
12:19
Castillos
18:06
Imperial
—
| APM promedio | 34.9 |
| APM pico | 57 |
| eAPM promedio | 13.5 |
| Aldeanos / militares | 29 / 6 |
Foco
⚔️ 23.9% · 🌾 76.1%
Fishing Ship ×5 · Shrivamsha Rider ×4 · Camel Scout ×2
Feudal
14:27
Castillos
—
Imperial
—
| APM promedio | 43.8 |
| APM pico | 64 |
| eAPM promedio | 29.2 |
| Aldeanos / militares | 37 / 0 |
Foco
⚔️ 18.2% · 🌾 81.8%
Fishing Ship ×9
Feudal
—
Castillos
—
Imperial
—
| APM promedio | 26.1 |
| APM pico | 111 |
| eAPM promedio | 13.5 |
| Aldeanos / militares | 19 / 0 |
Foco
⚔️ 32.8% · 🌾 67.2%
Fishing Ship ×3
Feudal
13:36
Castillos
17:21
Imperial
—
| APM promedio | 47.9 |
| APM pico | 86 |
| eAPM promedio | 29.1 |
| Aldeanos / militares | 44 / 6 |
Foco
⚔️ 31.8% · 🌾 68.2%
Fishing Ship ×9 · Elephant Archer ×4 · Battle Elephant ×2
Mapa de la partida
Recursos al inicio + cada clic de construcción. Línea gruesa = muro · recuadro discontinuo = muro de casas detectado. 🟡 oro · ⚪ piedra · 🟢 bayas · 🔶 jabalí · ⭕ reliquia
Inputs por minuto
— Slf4J - - GELO163Rus
Build order — Slf4J
107 acciones detectadas en el replay
| 0:03 | Construir | Town Center |
| 0:46 | Construir | Dock |
| 0:48 | Construir | House |
| 2:22 | Crear | Villager (Male) |
| 2:23 | Crear | Villager (Male) |
| 2:23 | Crear | Villager (Male) |
| 2:23 | Crear | Villager (Male) |
| 2:23 | Crear | Villager (Male) |
| 2:23 | Crear | Villager (Male) |
| 3:30 | Crear | Fishing Ship |
| 3:44 | Crear | Villager (Male) |
| 4:05 | Construir | House |
| 4:19 | Construir | House |
| 4:26 | Crear | Fishing Ship |
| 4:43 | Investigar | Loom |
| 4:46 | Construir | House |
| 5:06 | Crear | Fishing Ship |
| 5:20 | Crear | Villager (Male) |
| 5:20 | Crear | Villager (Male) |
| 5:46 | Crear | Villager (Male) |
| 5:48 | Crear | Fishing Ship |
| 5:56 | Construir | House |
| 6:00 | Crear | Villager (Male) |
| 6:10 | Crear | Villager (Male) |
| 6:31 | Crear | Villager (Male) |
| 7:02 | Construir | House |
| 7:04 | Construir | House |
| 7:27 | Crear | Villager (Male) |
| 7:27 | Crear | Villager (Male) |
| 7:39 | Crear | Villager (Male) |
| 7:45 | Crear | Fishing Ship |
| 7:45 | Crear | Villager (Male) |
| 8:21 | Construir | Lumber Camp |
| 8:49 | Crear | Villager (Male) |
| 9:24 | Investigar | Feudal Age |
| 9:38 | Construir | Mining Camp |
| 10:23 | Construir | Barracks |
| 10:36 | Construir | House |
| 11:01 | Construir | Outpost |
| 11:37 | Edad | Edad Feudal |
| 11:40 | Crear | Villager (Male) |
| 11:45 | Construir | Archery Range |
| 11:50 | Investigar | Double-Bit Axe |
| 11:50 | Investigar | Double-Bit Axe |
| 11:51 | Crear | Villager (Male) |
| 11:51 | Crear | Villager (Male) |
| 12:17 | Construir | Blacksmith |
| 12:28 | Construir | House |
| 12:45 | Crear | Archer |
| 12:45 | Crear | Archer |
| 12:46 | Crear | Archer |
| 12:46 | Crear | Villager (Male) |
| 12:46 | Crear | Villager (Male) |
| 12:46 | Crear | Villager (Male) |
| 12:47 | Crear | Villager (Male) |
| 13:26 | Investigar | Fletching |
| 13:30 | Construir | Mill |
| 13:38 | Construir | House |
| 14:05 | Construir | Archery Range |
| 14:09 | Crear | Archer |
| 14:17 | Crear | Villager (Male) |
| 14:17 | Crear | Villager (Male) |
| 14:17 | Crear | Villager (Male) |
| 14:38 | Crear | Archer |
| 14:38 | Crear | Archer |
| 15:04 | Crear | Villager (Male) |
| 15:04 | Crear | Villager (Male) |
| 15:04 | Crear | Villager (Male) |
| 15:09 | Crear | Archer |
| 15:09 | Crear | Archer |
| 15:24 | Crear | Archer |
| 15:24 | Crear | Archer |
| 15:44 | Construir | House |
| 15:52 | Crear | Archer |
| 15:52 | Crear | Archer |
| 15:54 | Construir | House |
| 15:56 | Construir | House |
| 16:16 | Crear | Villager (Male) |
| 16:17 | Crear | Villager (Male) |
| 16:17 | Crear | Villager (Male) |
| 16:35 | Crear | Archer |
| 16:36 | Crear | Villager (Male) |
| 16:44 | Crear | Skirmisher |
| 17:07 | Crear | Archer |
| 17:07 | Crear | Archer |
| 17:19 | Crear | Archer |
| 17:19 | Crear | Archer |
| 17:30 | Construir | Farm |
| 17:30 | Construir | Farm |
| 17:30 | Construir | Farm |
| 17:31 | Construir | Farm |
| 17:31 | Construir | Farm |
| 17:31 | Construir | Farm |
| 17:32 | Construir | Farm |
| 17:45 | Crear | Archer |
| 17:46 | Crear | Villager (Male) |
| 17:48 | Crear | Villager (Male) |
| 18:23 | Crear | Villager (Male) |
| 18:23 | Crear | Villager (Male) |
| 18:32 | Construir | Market |
| 18:57 | Construir | Archery Range |
| 19:04 | Construir | House |
| 19:28 | Crear | Skirmisher |
| 19:29 | Crear | Skirmisher |
| 19:29 | Crear | Skirmisher |
| 19:29 | Crear | Skirmisher |
| 19:29 | Crear | Skirmisher |
Build order — GELO163Rus
85 acciones detectadas en el replay
| 0:13 | Construir | Town Center |
| 1:14 | Construir | Dock |
| 1:17 | Construir | House |
| 1:22 | Construir | Palisade Wall |
| 2:35 | Crear | Villager (Male) ×4 |
| 2:36 | Investigar | Loom |
| 3:36 | Crear | Fishing Ship |
| 4:04 | Construir | House |
| 4:20 | Crear | Villager (Male) |
| 4:53 | Crear | Fishing Ship |
| 5:17 | Crear | Villager (Male) |
| 5:17 | Crear | Villager (Male) |
| 5:46 | Crear | Villager (Male) |
| 5:51 | Crear | Fishing Ship |
| 6:05 | Crear | Villager (Male) |
| 6:10 | Construir | House |
| 6:22 | Crear | Villager (Male) |
| 6:30 | Construir | House |
| 6:39 | Crear | Villager (Male) |
| 7:04 | Crear | Villager (Male) |
| 7:17 | Crear | Villager (Male) |
| 7:36 | Crear | Villager (Male) |
| 7:36 | Crear | Villager (Male) |
| 7:44 | Crear | Villager (Male) |
| 8:15 | Crear | Villager (Male) |
| 8:29 | Crear | Fishing Ship |
| 8:29 | Crear | Fishing Ship |
| 8:47 | Crear | Villager (Male) |
| 8:58 | Crear | Villager (Male) |
| 9:07 | Crear | Villager (Male) |
| 9:45 | Construir | Mining Camp |
| 9:46 | Crear | Villager (Male) |
| 9:58 | Crear | Villager (Male) |
| 10:12 | Construir | Mill |
| 10:33 | Investigar | Feudal Age |
| 11:24 | Construir | Lumber Camp |
| 12:22 | Crear | Villager (Male) |
| 12:56 | Crear | Villager (Male) |
| 13:21 | Edad | Edad Feudal |
| 13:39 | Construir | Market |
| 13:48 | Construir | Blacksmith |
| 13:52 | Construir | House |
| 13:59 | Construir | House |
| 14:01 | Crear | Villager (Male) |
| 14:04 | Investigar | Double-Bit Axe |
| 14:26 | Crear | Villager (Male) |
| 14:26 | Crear | Villager (Male) |
| 14:52 | Construir | House |
| 15:00 | Construir | Palisade Wall |
| 15:24 | Investigar | Castle Age |
| 15:32 | Construir | Palisade Wall |
| 15:37 | Construir | Building 796 |
| 15:47 | Construir | Palisade Wall |
| 15:58 | Construir | Palisade Wall |
| 16:01 | Construir | Palisade Wall |
| 16:23 | Construir | Barracks |
| 16:28 | Construir | Barracks |
| 17:05 | Investigar | Scale Mail Armor |
| 17:06 | Investigar | Forging |
| 17:25 | Crear | Villager (Male) |
| 18:09 | Edad | Edad de los Castillos |
| 18:12 | Construir | Siege Workshop |
| 18:16 | Investigar | Squires |
| 18:30 | Crear | Villager (Male) |
| 18:44 | Construir | Stable |
| 18:50 | Construir | Stable |
| 18:52 | Investigar | Iron Casting |
| 18:53 | Investigar | Scale Barding Armor |
| 18:56 | Crear | Villager (Male) |
| 18:57 | Crear | Villager (Male) |
| 19:11 | Construir | Mill |
| 19:28 | Crear | Villager (Male) |
| 20:03 | Crear | Steppe Lancer |
| 20:04 | Crear | Steppe Lancer |
| 20:04 | Crear | Steppe Lancer |
| 20:04 | Crear | Steppe Lancer |
| 20:04 | Crear | Steppe Lancer |
| 20:05 | Crear | Steppe Lancer |
| 20:10 | Crear | Villager (Male) |
| 20:16 | Construir | Town Center |
| 20:26 | Construir | Palisade Wall |
| 20:34 | Construir | Building 800 |
| 20:37 | Crear | Steppe Lancer |
| 20:37 | Crear | Steppe Lancer |
| 20:37 | Crear | Steppe Lancer |
Build order — Sauce
68 acciones detectadas en el replay
| 0:17 | Construir | Town Center |
| 0:57 | Construir | Dock |
| 1:01 | Construir | House |
| 2:42 | Crear | Villager (Male) |
| 2:42 | Crear | Villager (Male) |
| 2:42 | Crear | Villager (Male) |
| 2:43 | Crear | Villager (Male) |
| 3:49 | Crear | Fishing Ship |
| 4:20 | Construir | House |
| 4:24 | Crear | Villager (Male) |
| 4:52 | Crear | Villager (Male) |
| 5:19 | Crear | Villager (Male) |
| 5:33 | Crear | Fishing Ship |
| 5:41 | Construir | House |
| 5:44 | Crear | Villager (Male) |
| 6:09 | Crear | Villager (Male) |
| 6:23 | Crear | Fishing Ship |
| 6:35 | Crear | Villager (Male) |
| 6:58 | Crear | Villager (Male) |
| 7:04 | Crear | Fishing Ship |
| 7:26 | Crear | Villager (Male) |
| 7:34 | Construir | House |
| 7:52 | Crear | Fishing Ship |
| 7:54 | Crear | Villager (Male) |
| 7:54 | Crear | Villager (Male) |
| 8:08 | Construir | House |
| 8:50 | Crear | Villager (Male) |
| 8:54 | Construir | Lumber Camp |
| 9:17 | Crear | Villager (Male) |
| 9:41 | Crear | Villager (Male) |
| 10:09 | Investigar | Feudal Age |
| 10:26 | Construir | Mining Camp |
| 11:40 | Crear | Villager (Male) |
| 11:41 | Crear | Villager (Male) |
| 12:19 | Edad | Edad Feudal |
| 12:20 | Crear | Villager (Male) |
| 12:21 | Investigar | Double-Bit Axe |
| 12:29 | Construir | Mill |
| 12:45 | Construir | Blacksmith |
| 13:24 | Construir | House |
| 13:36 | Crear | Villager (Male) |
| 14:00 | Investigar | Loom |
| 14:36 | Crear | Villager (Male) |
| 14:42 | Construir | Market |
| 15:00 | Crear | Villager (Male) |
| 15:24 | Investigar | Castle Age |
| 16:02 | Construir | House |
| 16:03 | Construir | House |
| 16:09 | Construir | Barracks |
| 17:49 | Crear | Villager (Male) |
| 18:06 | Edad | Edad de los Castillos |
| 18:07 | Construir | Stable |
| 18:09 | Construir | Stable |
| 18:13 | Crear | Villager (Male) |
| 18:37 | Crear | Villager (Male) |
| 18:41 | Investigar | Gold Mining |
| 18:42 | Crear | Shrivamsha Rider |
| 18:42 | Crear | Shrivamsha Rider |
| 18:45 | Investigar | Bloodlines |
| 18:47 | Crear | Shrivamsha Rider |
| 18:47 | Crear | Shrivamsha Rider |
| 19:08 | Crear | Camel Scout |
| 19:22 | Crear | Villager (Male) |
| 19:22 | Crear | Villager (Male) |
| 19:23 | Crear | Villager (Male) |
| 19:32 | Crear | Camel Scout |
| 19:54 | Investigar | Wheelbarrow |
| 19:56 | Investigar | Forging |
Build order — JamesGoldAA
60 acciones detectadas en el replay
| 0:49 | Construir | Town Center |
| 1:03 | Construir | Dock |
| 2:54 | Crear | Villager (Male) |
| 2:54 | Crear | Villager (Male) |
| 2:54 | Crear | Villager (Male) |
| 2:55 | Crear | Villager (Male) |
| 3:08 | Crear | Fishing Ship |
| 3:36 | Crear | Villager (Male) |
| 4:16 | Crear | Fishing Ship |
| 4:16 | Crear | Fishing Ship |
| 4:35 | Construir | House |
| 5:05 | Crear | Villager (Male) |
| 5:11 | Crear | Fishing Ship |
| 5:35 | Crear | Villager (Male) |
| 5:50 | Crear | Fishing Ship |
| 6:05 | Construir | House |
| 6:10 | Investigar | Loom |
| 6:28 | Crear | Villager (Male) |
| 6:54 | Crear | Fishing Ship |
| 6:59 | Crear | Villager (Male) |
| 7:11 | Crear | Villager (Male) |
| 7:11 | Crear | Villager (Male) |
| 7:20 | Construir | House |
| 7:28 | Crear | Villager (Male) |
| 7:37 | Crear | Fishing Ship |
| 7:56 | Crear | Villager (Male) |
| 7:57 | Crear | Villager (Male) |
| 8:35 | Crear | Villager (Male) |
| 8:44 | Construir | House |
| 8:50 | Crear | Fishing Ship |
| 9:21 | Crear | Villager (Male) |
| 9:28 | Construir | Lumber Camp |
| 9:58 | Crear | Villager (Male) |
| 10:22 | Crear | Villager (Male) |
| 10:23 | Crear | Fishing Ship |
| 11:07 | Construir | House |
| 11:16 | Crear | Villager (Male) |
| 11:52 | Crear | Villager (Male) |
| 12:06 | Investigar | Feudal Age |
| 14:27 | Edad | Edad Feudal |
| 14:35 | Crear | Villager (Male) |
| 14:36 | Crear | Villager (Male) |
| 14:36 | Crear | Villager (Male) |
| 14:36 | Crear | Villager (Male) |
| 15:14 | Crear | Villager (Male) |
| 15:34 | Crear | Villager (Male) |
| 15:52 | Construir | House |
| 15:56 | Construir | House |
| 16:08 | Crear | Villager (Male) |
| 16:08 | Crear | Villager (Male) |
| 16:08 | Crear | Villager (Male) |
| 16:09 | Crear | Villager (Male) |
| 16:33 | Construir | House |
| 17:17 | Crear | Villager (Male) |
| 17:23 | Crear | Villager (Male) |
| 17:23 | Crear | Villager (Male) |
| 19:04 | Crear | Villager (Male) |
| 19:04 | Crear | Villager (Male) |
| 20:08 | Crear | Villager (Male) |
| 20:19 | Crear | Villager (Male) |
Build order — L1cht
31 acciones detectadas en el replay
| 0:15 | Construir | Town Center |
| 0:50 | Construir | Dock |
| 0:52 | Construir | House |
| 2:42 | Crear | Villager (Male) |
| 2:43 | Crear | Villager (Male) |
| 2:43 | Crear | Villager (Male) |
| 2:43 | Crear | Villager (Male) |
| 2:43 | Crear | Villager (Male) |
| 4:05 | Crear | Villager (Male) |
| 4:15 | Crear | Fishing Ship |
| 4:27 | Investigar | Loom |
| 5:03 | Crear | Fishing Ship |
| 5:06 | Construir | House |
| 5:19 | Crear | Villager (Male) |
| 5:54 | Crear | Villager (Male) |
| 5:57 | Crear | Fishing Ship |
| 6:17 | Crear | Villager (Male) |
| 6:33 | Crear | Villager (Male) |
| 6:40 | Construir | House |
| 7:02 | Crear | Villager (Male) |
| 7:20 | Crear | Villager (Male) |
| 7:34 | Crear | Villager (Male) |
| 7:56 | Crear | Villager (Male) |
| 9:00 | Construir | Town Center |
| 10:58 | Crear | Villager (Male) |
| 10:58 | Crear | Villager (Male) |
| 10:58 | Crear | Villager (Male) |
| 10:59 | Crear | Villager (Male) |
| 10:59 | Crear | Villager (Male) |
| 16:58 | Construir | House |
| 17:46 | Construir | House |
Build order — Legate
108 acciones detectadas en el replay
| 0:12 | Construir | Town Center |
| 0:58 | Construir | Dock |
| 1:01 | Construir | House |
| 2:30 | Crear | Villager (Male) |
| 2:30 | Crear | Villager (Male) |
| 2:47 | Crear | Villager (Male) |
| 2:47 | Crear | Villager (Male) |
| 3:33 | Construir | House |
| 3:48 | Construir | House |
| 3:57 | Crear | Fishing Ship |
| 4:09 | Crear | Villager (Male) |
| 4:37 | Crear | Villager (Male) |
| 4:37 | Crear | Villager (Male) |
| 5:01 | Crear | Villager (Male) |
| 5:14 | Crear | Fishing Ship |
| 5:14 | Crear | Fishing Ship |
| 5:28 | Crear | Villager (Male) |
| 5:46 | Construir | House |
| 5:57 | Crear | Villager (Male) |
| 5:58 | Crear | Villager (Male) |
| 6:15 | Crear | Villager (Male) |
| 6:43 | Crear | Fishing Ship |
| 6:44 | Crear | Villager (Male) |
| 7:06 | Construir | House |
| 7:16 | Crear | Villager (Male) |
| 7:23 | Construir | House |
| 7:32 | Crear | Villager (Male) |
| 7:38 | Construir | House |
| 7:41 | Construir | House |
| 7:59 | Crear | Villager (Male) |
| 8:09 | Crear | Villager (Male) |
| 8:10 | Construir | House |
| 8:25 | Crear | Fishing Ship |
| 8:31 | Crear | Fishing Ship |
| 8:38 | Crear | Villager (Male) |
| 8:54 | Crear | Villager (Male) |
| 9:18 | Crear | Fishing Ship |
| 9:34 | Construir | House |
| 9:43 | Crear | Villager (Male) |
| 9:43 | Crear | Fishing Ship |
| 10:05 | Crear | Villager (Male) |
| 10:10 | Construir | House |
| 10:25 | Construir | Mining Camp |
| 10:26 | Crear | Villager (Male) |
| 10:47 | Crear | Fishing Ship |
| 10:57 | Crear | Villager (Male) |
| 11:13 | Crear | Villager (Male) |
| 11:25 | Investigar | Feudal Age |
| 11:28 | Crear | Villager (Male) |
| 11:29 | Investigar | Loom |
| 11:44 | Construir | Mill |
| 11:47 | Construir | Mill |
| 12:50 | Construir | Barracks |
| 13:32 | Construir | House |
| 13:36 | Edad | Edad Feudal |
| 13:42 | Construir | Blacksmith |
| 13:50 | Construir | Blacksmith |
| 13:52 | Construir | Archery Range |
| 14:32 | Construir | Lumber Camp |
| 14:41 | Investigar | Castle Age |
| 15:03 | Investigar | Gold Mining |
| 15:10 | Investigar | Double-Bit Axe |
| 15:12 | Investigar | Fletching |
| 15:48 | Construir | Archery Range |
| 16:05 | Construir | Archery Range |
| 16:09 | Construir | House |
| 16:11 | Construir | Palisade Wall |
| 16:14 | Investigar | Padded Archer Armor |
| 16:18 | Construir | Stable |
| 16:24 | Crear | Villager (Male) |
| 16:39 | Investigar | Tech 906 |
| 16:40 | Crear | Villager (Male) |
| 16:46 | Construir | House |
| 17:21 | Edad | Edad de los Castillos |
| 17:25 | Crear | Battle Elephant |
| 17:26 | Crear | Elephant Archer |
| 17:27 | Crear | Elephant Archer |
| 17:28 | Crear | Villager (Male) |
| 17:46 | Crear | Villager (Male) |
| 17:53 | Crear | Villager (Male) |
| 17:56 | Construir | Town Center |
| 18:05 | Crear | Villager (Male) |
| 18:13 | Construir | Town Center |
| 18:23 | Crear | Elephant Archer |
| 18:23 | Crear | Elephant Archer |
| 18:34 | Construir | Siege Workshop |
| 18:41 | Crear | Villager (Male) |
| 18:42 | Crear | Villager (Male) |
| 18:46 | Investigar | Bow Saw |
| 18:58 | Crear | Villager (Male) |
| 19:02 | Crear | Villager (Male) |
| 19:04 | Crear | Villager (Male) |
| 19:24 | Crear | Villager (Male) |
| 19:28 | Investigar | Horse Collar |
| 19:29 | Crear | Villager (Male) |
| 19:35 | Crear | Villager (Male) |
| 19:40 | Crear | Villager (Male) |
| 20:13 | Construir | Farm |
| 20:13 | Construir | Farm |
| 20:13 | Construir | Farm |
| 20:13 | Construir | Farm |
| 20:13 | Construir | Farm |
| 20:14 | Construir | Farm |
| 20:15 | Crear | Villager (Male) |
| 20:15 | Crear | Villager (Male) |
| 20:20 | Crear | Villager (Male) |
| 20:31 | Crear | Battle Elephant |
| 20:32 | Crear | Villager (Male) |
Cronología de la partida
| 0:46 | Slf4J · first_building Dock |
| 0:50 | L1cht · first_building Dock |
| 0:57 | Sauce · first_building Dock |
| 0:58 | Legate · first_building Dock |
| 1:03 | JamesGoldAA · first_building Dock |
| 1:14 | GELO163Rus · first_building Dock |
| 1:22 | GELO163Rus · wall_segment Palisade Wall x1 |
| 10:23 | Slf4J · first_building Barracks |
| 11:37 | Slf4J · age_up feudal |
| 11:45 | Slf4J · first_building Archery Range |
| 12:19 | Sauce · age_up feudal |
| 12:50 | Legate · first_building Barracks |
| 13:21 | GELO163Rus · age_up feudal |
| 13:36 | Legate · age_up feudal |
| 13:52 | Legate · first_building Archery Range |
| 14:27 | JamesGoldAA · age_up feudal |
| 15:00 | GELO163Rus · wall_segment Palisade Wall x10 |
| 15:32 | GELO163Rus · wall_segment Palisade Wall x7 |
| 15:47 | GELO163Rus · wall_segment Palisade Wall x6 |
| 15:58 | GELO163Rus · wall_segment Palisade Wall x9 |
| 16:01 | GELO163Rus · wall_segment Palisade Wall x8 |
| 16:09 | Sauce · first_building Barracks |
| 16:11 | Legate · wall_segment Palisade Wall x1 |
| 16:18 | Legate · first_building Stable |
| 16:23 | GELO163Rus · first_building Barracks |
| 16:56 | Sauce · tribute_sent a jugador 1 |
| 16:56 | Sauce · tribute_sent a jugador 2 |
| 16:56 | Sauce · tribute_sent a jugador 4 |
| 16:56 | Sauce · tribute_sent a jugador 5 |
| 16:56 | Sauce · tribute_sent a jugador 6 |
| 17:21 | Legate · age_up castle |
| 18:06 | Sauce · age_up castle |
| 18:07 | Sauce · first_building Stable |
| 18:09 | GELO163Rus · age_up castle |
| 18:12 | GELO163Rus · first_building Siege Workshop |
| 18:34 | Legate · first_building Siege Workshop |
| 18:44 | GELO163Rus · first_building Stable |
| 19:15 | Sauce · tribute_sent a jugador 1 |
| 19:15 | Sauce · tribute_sent a jugador 2 |
| 19:15 | Sauce · tribute_sent a jugador 4 |
| 19:15 | Sauce · tribute_sent a jugador 5 |
| 19:15 | Sauce · tribute_sent a jugador 6 |
| 19:44 | L1cht · resign |
| 20:26 | GELO163Rus · wall_segment Palisade Wall x6 |
[ ANÁLISIS IA · 1 CRÉDITO ]
¿Qué pasó realmente en esta partida?
Wolo.gg analiza cada decisión: build order, eco, micro, errores típicos por bracket. Análisis personalizado por WhatsApp o Discord en 30 segundos.
Guía civ
Persas
Guía mapa
Nomad
Perfil
Slf4J